 Dungeon Crawl Stone Soup version 0.29-a0-322-g68df515428 (webtiles) character file.

Game seed: 5465554051631155874

49980 sammy202020 the Warrior (level 14, -5/125 HPs)
             Began as a Demonspawn Berserker on Apr 6, 2022.
             Was a High Priest of Trog.
             Slain by a two-headed ogre
             ... wielding a +0 giant club
              (15 damage)
             ... on level 2 of the Orcish Mines.
             The game lasted 00:33:17 (15228 turns).

sammy202020 the Warrior (Demonspawn Berserker)     Turns: 15228, Time: 00:33:17

Health: -5/125     AC: 17    Str: 24      XL:     14   Next: 18%
Magic:  14/14      EV:  9    Int: 15 (16) God:    Trog [*****.]
Gold:   1271       SH:  0    Dex: 10      Spells: 13/13 levels left

rFire   + . .      SeeInvis +   D - +0 executioner's axe (flame)
rCold   . . .      Faith    .   (shield currently unavailable)
rNeg    . . .      Spirit   .   E - +6 chain mail of the Teacher {Str+4 Int+6 Dex-4}
rPois   +          Reflect  .   (no helmet)
rElec   .          Harm     .   (no cloak)
rCorr   .          Rampage  .   (no gloves)
Will    +++..                   (boots unavailable)
Stlth   ..........              d - amulet of regeneration
HPRegen 2.10/turn               r - ring of poison resistance
MPRegen 0.14/turn               Z - ring of see invisible

@: strong-willed, on berserk cooldown, regenerating, slowed, very slow
A: hooves 3, molten scales 3, demonic guardian 2, spiny 1, deformed body, dopey
1, strong 1
a: Renounce Religion, Berserk, Trog's Hand, Brothers in Arms


You were on level 2 of the Orcish Mines.
You worshipped Trog.
Trog was extremely pleased with you.
You visited 3 branches of the dungeon, and saw 18 of its levels.

You collected 1271 gold pieces.

Inventory:

Hand Weapons
 i - a +0 flail
 j - a +5 battleaxe
 D - a +0 executioner's axe of flaming (weapon)
 H - a +3 vorpal hand axe
 P - the +7 Singing Sword {vorpal, sonic wave}
   (You found it on level 11 of the Dungeon)

   It inflicts extra damage upon your enemies.
   It radiates damaging sonic waves as it strikes, especially in combat
   involving dangerous or numerous foes.
Missiles
 v - 2 atropa-tipped darts
 w - 18 boomerangs
 x - 21 poisoned darts (quivered)
 A - 6 javelins
 F - 5 throwing nets
 R - 3 silver boomerangs
 X - 3 curare-tipped darts
Armour
 a - a +3 scale mail of cold resistance
 E - the +6 chain mail of the Teacher (worn) {Str+4 Int+6 Dex-4}
   (You found it on level 5 of the Dungeon)

   Str:       It affects your strength (+4).
   Int:       It affects your intelligence (+6).
   Dex:       It affects your dexterity (-4).
Jewellery
 d - an amulet of regeneration (around neck)
 r - a ring of poison resistance (left hand)
 K - an amulet of reflection
 L - an amulet of guardian spirit
 O - a +4 ring of protection
 Q - a ring of positive energy
 Z - a ring of see invisible (right hand)
Wands
 p - a wand of iceblast (11)
 q - a wand of charming (11)
 u - a wand of mindburst (16)
 y - a wand of polymorph (8)
 I - a wand of paralysis (4)
 N - a wand of flame (15)
 Y - a wand of digging (3)
Scrolls
 b - a scroll of summoning
 f - 7 scrolls of teleportation
 h - a scroll of torment
 l - a scroll of silence
 o - 2 scrolls of magic mapping
 J - 7 scrolls of enchant armour
 U - a scroll of fear
Potions
 c - a potion of heal wounds
 e - a potion of haste
 k - 3 potions of flight
 n - 2 potions of ambrosia
 s - 5 potions of lignification
 t - 6 potions of magic
 z - a potion of brilliance
 B - 4 potions of attraction
 C - 7 potions of curing
 M - 2 potions of invisibility
 T - a potion of cancellation {unknown}
 W - a potion of mutation


   Skills:
 * Level 16.1 Fighting
 * Level 14.8 Axes
 + Level 10.6 Armour
 - Level 1.7 Dodging


You had 13 spell levels left.
You didn't know any spells.
Your spell library was empty.

Dungeon Overview and Level Annotations

Branches:
Dungeon (15/15)            Temple (0/1) D:6            Lair (0/6) D:8
    Orc (2/2) D:10         Vaults (0/5) D:13         Depths (1/4) D:15
    Elf: Orc:2

Altars:
Ashenzari
Cheibriados
Dithmenos
Fedhas
Hepliaklqana
Kikubaaqudgha
Makhleb
Ru
Sif Muna
Uskayaw
Yredelemnul
Zin
Beogh

Shops:
D:3 !


Innate Abilities, Weirdness & Mutations

You have hooves in place of feet.
You are completely covered in molten scales. (AC +4, rF+)
A demonic guardian rushes to your aid.
You are partially covered in sharp spines.
Armour fits poorly on your strangely shaped body.
You are dopey. (Int -2)
Your muscles are strong. (Str +2)


Message History

The orc sorcerer hits you but does no damage.
Your skin crawls.
You feel strong-willed.
The orc sorcerer is struck by your spines.
The orc sorcerer barely misses you.
Okay, then.
Okay, then.
You barely miss the orc sorcerer. You kick the orc sorcerer.
The orc sorcerer is heavily wounded.
The orc sorcerer is struck by your spines.
The orc sorcerer misses you. The orc sorcerer completely misses you.
The orc sorcerer mumbles some strange words.
You slash the orc sorcerer! You burn the orc sorcerer.
You kill the orc sorcerer!
Trog accepts your kill.
Trog appreciates your killing of a magic user.
A two-headed ogre comes into view. It is wielding two +0 giant clubs.
The orc sorcerer hits you but does no damage.
The orc knight hits you from afar with a +2 bardiche!
Okay, then.
You slice the orc sorcerer!! You burn the orc sorcerer!
You kill the orc sorcerer!
Trog accepts your kill.
Trog appreciates your killing of a magic user.
The orc knight misses you.
The two-headed ogre is struck by your spines.
The two-headed ogre hits you with a +0 giant club! x2
The orc knight hits you from afar with a +2 bardiche!
You slice the two-headed ogre!! You burn the two-headed ogre.
Your kick misses the two-headed ogre.
The two-headed ogre is severely wounded.
The orc sorcerer gestures wildly while chanting.
The orc knight hits you from afar with a +2 bardiche!!
* * * LOW HITPOINT WARNING * * *
A demonic guardian appears!
The two-headed ogre is struck by your spines.
The two-headed ogre hits you with a +0 giant club!
* * * LOW HITPOINT WARNING * * *
The two-headed ogre hits you with a +0 giant club!
You die... .... ooo .#.. ooo

##..#.. #o# #...... #o#
###...... #o# ..##.......
. #.# #..# #.......
#...####o####...#
#....... #....4oO@3..#
#....... ######4######
#....†.. ######.###
#....... #.......§.##
##..#.... ##.#.......####
##...##...
#......###.###.....##.#
##.....#........#......
#...............###.....
#........#.....####......


You could see an orc knight, a two-headed ogre (ally target), a rust devil
(summoned), an orc sorcerer, a red devil (summoned) and a friendly sixfirhy
(summoned).

Vanquished Creatures
  A frost giant (D:15)
  Snorg (D:10)
  The ghost of sizableburger the Martial Artist, a journeyman OpTm of Wu Jian (D:11)
  An ettin (Orc:1)
  Erolcha (D:10)
  2 vault guards (D:13)
  2 boulder beetles
  Harold (Orc:1)
  3 centaur warriors
  A hydra (D:13)
  An ogre mage (D:13)
  3 two-headed ogres
  3 tengu warriors
  A death knight (D:14)
  3 orc high priests (Orc:2)
  Sonja (D:13)
  The ghost of sammy202020 the Skirmisher, a novice DsBe of Trog (D:8)
  Amaemon (D:11)
  2 orc knights
  2 deep elf pyromancers
  3 orc sorcerers (Orc:2)
  9 ugly things (D:14)
  3 cyclopes
  The ghost of seaofthunder the Skirmisher, a novice HOFi (D:5)
  2 manticores
  Joseph (D:9)
  A gargoyle (D:12)
  2 unseen horrors
  An orange demon (D:11)
  2 kobold demonologists
  Psyche (D:11)
  A yaktaur (shapeshifter) (D:13)
  3 trolls
  A meliai (shapeshifter) (D:13)
  A queen bee (D:11)
  A queen bee (shapeshifter) (D:14)
  2 hornets (D:11)
  A raiju (shapeshifter) (D:15)
  Grinder (D:3)
  2 water elementals (D:14)
  2 shadows
  A wyvern (D:11)
  22 yaks
  4 wraiths
  A human (D:13)
  2 basilisks (D:14)
  Grum (D:11)
  A steam dragon (D:8)
  9 vampire mosquitoes
  2 wargs
  A water moccasin (D:5)
  2 acid dragons
  12 orc warriors
  2 black bears
  3 ice beasts
  3 ogres
  2 wolves (D:11)
  4 centaurs
  A kobold brigand (D:10)
  2 phantoms
  4 bullfrogs
  A necrophage (D:5)
  A gnoll sergeant (D:10)
  4 wights (D:8)
  14 killer bees
  4 electric eels (D:14)
  13 orc priests
  2 hounds
  A gnoll shaman (D:10)
  An iguana (D:6)
  20 orc wizards
  7 gnolls (D:10)
  8 adders
  A shadow imp (D:8)
  3 white imps
  4 worms
  64 orcs
  5 ball pythons
  8 endoplasms
  A giant cockroach (D:1)
  8 hobgoblins
  8 jackals
  12 kobolds
  3 quokkas
  2 bats
  2 frilled lizards
  12 goblins
  7 rats
  A spectral orc (D:9)
369 creatures vanquished.

Vanquished Creatures (collateral kills)
  2 vault guards (D:13)
  A catoblepas (D:13)
  3 two-headed ogres (D:13)
  Urug (D:10)
  2 deep elf archers (D:13)
  An orc knight (Orc:2)
  A wizard (D:13)
  An ugly thing (D:14)
  A tengu conjurer (D:13)
  A yak (D:10)
  2 steam dragons
  Menkaure (D:7)
  A warg (D:8)
  4 orc warriors
  3 ogres (D:13)
  2 killer bees (D:7)
  2 orc priests (Orc:2)
  An orc wizard (D:8)
  An orc (Orc:2)
31 creatures vanquished.

Vanquished Creatures (others)
  An ogre mage (D:13)
  5 plants (D:7)
6 creatures vanquished.

Grand Total: 406 creatures vanquished

Notes
Turn   | Place    | Note
-------+----------+-------------------------------------------
     0 | D:1      | sammy202020 the Demonspawn Berserker began the quest for
                  | the Orb.
     0 | D:1      | Reached XP level 1. HP: 18/18 MP: 1/1
   195 | D:1      | Gained mutation: You have large cloven feet. [demonic
                  | ancestry]
   195 | D:1      | Reached XP level 2. HP: 24/24 MP: 2/2
   772 | D:2      | Gained mutation: You have hoof-like feet. [demonic
                  | ancestry]
   772 | D:2      | Reached XP level 3. HP: 29/29 MP: 3/3
   841 | D:2      | Reached ** piety under Trog
  1003 | D:2      | Gained mutation: A weak demonic guardian rushes to your
                  | aid. [demonic ancestry]
  1003 | D:2      | Reached XP level 4. HP: 37/37 MP: 4/4
  1115 | D:2      | Reached skill level 4 in Fighting
  1791 | D:3      | Found a snail-covered altar of Cheibriados.
  1797 | D:3      | Found a burning altar of Makhleb.
  1816 | D:3      | Found a hide-covered altar of Uskayaw.
  1864 | D:3      | Found Kampopny's Distillery.
  2049 | D:3      | Found a broken altar of Ashenzari.
  2061 | D:3      | Noticed Grinder
  2063 | D:3      | Paralysed by Grinder for 2 turns
  2081 | D:3      | Paralysed by Grinder for 3 turns
  2089 | D:3      | Killed Grinder
  2090 | D:3      | Reached skill level 5 in Fighting
  2090 | D:3      | Gained mutation: You are partially covered in molten
                  | scales. (AC +2) [demonic ancestry]
  2090 | D:3      | Reached XP level 5. HP: 19/44 MP: 5/5
  2090 | D:3      | Reached XP level 6. HP: 22/51 MP: 6/6
  2548 | D:4      | Reached *** piety under Trog
  2549 | D:4      | Reached skill level 5 in Axes
  2679 | D:4      | Found a shadowy altar of Dithmenos.
  2721 | D:4      | Gained mutation: You are mostly covered in molten scales.
                  | (AC +3) [demonic ancestry]
  2721 | D:4      | Reached XP level 7. HP: 56/56 MP: 7/7
  3023 | D:5      | Entered Level 5 of the Dungeon
  3080 | D:5      | Found a sacrificial altar of Ru.
  3140 | D:5      | Identified the +6 chain mail of the Teacher {Str+4 Int+6
                  | Dex-4}
  3183 | D:5      | Found a blossoming altar of Fedhas.
  3329 | D:5      | Reached skill level 6 in Fighting
  3595 | D:5      | Found a runed translucent door.
  3595 | D:5      | Noticed seaofthunder's ghost (novice HOFi)
  3842 | D:5      | Killed seaofthunder's ghost
  3843 | D:5      | Reached skill level 7 in Fighting
  3843 | D:5      | Gained mutation: A demonic guardian rushes to your aid.
                  | [demonic ancestry]
  3843 | D:5      | Reached XP level 8. HP: 67/67 MP: 8/8
  3898 | D:5      | Killed an unseen horror
  4168 | D:6      | Found a staircase to the Ecumenical Temple.
  4730 | D:7      | Reached skill level 8 in Fighting
  4752 | D:7      | Reached skill level 5 in Armour
  4793 | D:7      | Noticed Menkaure
  4806 | D:7      | Reached XP level 9. HP: 27/74 MP: 9/9
  4816 | D:7      | Killed Menkaure
  4945 | D:7      | Found a hazy altar of Hepliaklqana.
  5153 | D:7      | Found a shimmering blue altar of Sif Muna.
  5227 | D:7      | Reached **** piety under Trog
  5283 | D:7      | You fall into a shaft and drop 1 floor!
  6088 | D:8      | Found an ancient bone altar of Kikubaaqudgha.
  6124 | D:8      | Reached skill level 9 in Fighting
  6193 | D:8      | Found a runed translucent gate.
  6194 | D:8      | Found a runed translucent gate.
  6196 | D:8      | Noticed sammy202020's ghost (novice DsBe)
  6200 | D:8      | Found a runed translucent gate.
  6226 | D:8      | Killed sammy202020's ghost
  6227 | D:8      | Reached XP level 10. HP: 85/85 MP: 10/10
  6289 | D:8      | Reached skill level 10 in Fighting
  6297 | D:8      | Found a staircase to the Lair.
  6389 | D:8      | Noticed a manticore
  6397 | D:8      | Killed a manticore
  7138 | D:9      | Identified a scroll of acquirement
  7139 | D:9      | Acquired a +0 executioner's axe of flaming
  7243 | D:9      | Noticed Joseph
  7262 | D:9      | Killed Joseph
  7263 | D:9      | Reached skill level 11 in Fighting
  7263 | D:9      | Reached skill level 10 in Axes
  7911 | D:9      | Found a basalt altar of Yredelemnul.
  7972 | D:10     | Entered Level 10 of the Dungeon
  8151 | D:10     | Noticed Erolcha
  8165 | D:10     | Gained mutation: You are partially covered in sharp spines.
                  | [demonic ancestry]
  8165 | D:10     | Reached XP level 11. HP: 73/93 MP: 11/11
  8168 | D:10     | Killed Erolcha
  8334 | D:10     | Noticed Snorg
  8349 | D:10     | Killed Snorg
  8591 | D:10     | Noticed Urug
  8600 | D:10     | Killed Urug
  8657 | D:10     | Reached ***** piety under Trog
  8704 | D:10     | Found a staircase to the Orcish Mines.
  8891 | D:11     | Noticed sizableburger's ghost (journeyman OpTm)
  8903 | D:11     | Found a transporter.
  8908 | D:11     | Found a transporter.
  8924 | D:11     | Reached skill level 12 in Fighting
  8927 | D:11     | Noticed a mana viper
  8932 | D:11     | Killed sizableburger's ghost
  9051 | D:11     | Noticed a two-headed ogre
  9059 | D:11     | Killed a two-headed ogre
  9084 | D:11     | Noticed Grum
  9092 | D:11     | Killed Grum
  9139 | D:11     | Found the +7 Singing Sword {vorpal, sonic wave}
  9143 | D:11     | Noticed Psyche
  9152 | D:11     | Killed Psyche
  9403 | D:11     | Noticed a boulder beetle
  9418 | D:11     | Killed a boulder beetle
  9502 | D:11     | Noticed Amaemon
  9513 | D:11     | Killed Amaemon
  9514 | D:11     | Gained mutation: You have hooves in place of feet. [demonic
                  | ancestry]
  9514 | D:11     | Reached XP level 12. HP: 74/103 MP: 12/12
  9614 | D:12     | Reached skill level 13 in Fighting
  9642 | D:12     | Noticed a two-headed ogre
  9649 | D:12     | Killed a two-headed ogre
  9920 | D:12     | Gained mutation: You have a pair of small antennae on your
                  | head. [a neqoxec]
 10048 | D:12     | Noticed a boulder beetle
 10062 | D:12     | Killed a boulder beetle
 10413 | D:13     | Noticed a two-headed ogre
 10413 | D:13     | Noticed a two-headed ogre
 10413 | D:13     | Noticed an ogre mage
 10418 | D:13     | Noticed a two-headed ogre
 10419 | D:13     | Killed a two-headed ogre
 10421 | D:13     | Killed a two-headed ogre
 10424 | D:13     | Killed an ogre mage
 10426 | D:13     | Killed a two-headed ogre
 10553 | D:13     | Noticed a centaur warrior
 10555 | D:13     | Noticed Sonja
 10566 | D:13     | Killed a centaur warrior
 10569 | D:13     | Killed Sonja
 10570 | D:13     | Reached skill level 14 in Fighting
 10576 | D:13     | HP: 5/107 [poisoned by Sonja]
 10740 | D:13     | Noticed a seven-headed hydra
 10745 | D:13     | Killed a five-headed hydra
 10748 | D:13     | Noticed a tengu warrior
 10758 | D:13     | Killed a tengu warrior
 11156 | D:13     | Noticed a vault guard
 11273 | D:13     | Noticed a vault guard
 11301 | D:13     | Lost mutation: You have a pair of small antennae on your
                  | head. [potion of mutation]
 11301 | D:13     | Gained mutation: You are dopey. (Int -2) [potion of
                  | mutation]
 11301 | D:13     | Gained mutation: Your muscles are strong. (Str +2) [potion
                  | of mutation]
 11302 | D:13     | Noticed an ogre mage
 11302 | D:13     | Noticed a vault guard
 11312 | D:13     | Killed a vault guard
 11313 | D:13     | Killed an ogre mage
 11314 | D:13     | Gained mutation: You are completely covered in molten
                  | scales. (AC +4, rF+) [demonic ancestry]
 11314 | D:13     | Reached XP level 13. HP: 114/114 MP: 13/13
 11340 | D:13     | HP: 5/114 [deep elf archer/+0 short sword (16)]
 11341 | D:13     | HP: 2/114 [deep elf archer/+0 short sword (7)]
 11469 | D:13     | Found a gate to the Vaults.
 12323 | D:14     | Identified the +0 kite shield of the Pink Corner {Str+5}
 12508 | D:14     | Reached skill level 15 in Fighting
 13002 | D:14     | Reached skill level 10 in Armour
 13529 | D:15     | Entered Level 15 of the Dungeon
 13589 | D:15     | Found a staircase to the Depths.
 13589 | D:15     | Noticed a frost giant
 13595 | D:15     | Killed a frost giant
 13616 | Depths:1 | Entered Level 1 of the Depths
 14607 | Orc:1    | Entered Level 1 of the Orcish Mines
 14607 | Orc:1    | Noticed Harold
 14619 | Orc:1    | Killed Harold
 14745 | Orc:1    | Noticed an ettin
 14753 | Orc:1    | Killed an ettin
 14754 | Orc:1    | Reached XP level 14. HP: 11/124 MP: 14/14
 15034 | Orc:2    | Entered Level 2 of the Orcish Mines
 15204 | Orc:2    | Reached skill level 16 in Fighting
 15213 | Orc:2    | Gained mutation: Armour fits poorly on your strangely
                  | shaped body. [a neqoxec]
 15228 | Orc:2    | Slain by a two-headed ogre

Illustrated notes

Levels and vault maps discovered:
D:1:      onia_arrival_pyramid, layout_loops_ring
D:2:      layout_basic
D:3:      layout_loops_corners, minmay_overflow_temple_star_quad,
          mainiacjoe_overflow_chevrons, serial_shops, shop, uniq_grinder
D:4:      layout_loops_ring, mainiacjoe_overflow_alcove_2
D:5:      layout_loops_ring, fedhas_altar_3,
          mainiacjoe_overflow_six_doors_small, ebering_ghost_inner_flame
D:6:      layout_gridville, minmay_temple_entry_hall
D:7:      layout_loops_cross, led_sif_book, nicolae_hepliaklqana_hazy_memory,
          minmay_a_box_with_orc_wizards_in_it, uniq_menkaure
D:8:      layout_basic, nicolae_kikubaaqudgha_miasma_corner,
          erik_lair_orcish_takeover, gammafunk_ghost_split
D:9:      layout_long_grid, yredelemnul_forgotten_temple_becter, uniq_joseph
D:10:     layout_irregular_city, zin_treasury, david_orc_5, uniq_urug,
          uniq_snorg, uniq_erolcha
D:11:     layout_long_grid, gammafunk_ghost_hive, uniq_amaemon, uniq_grum,
          uniq_psyche
D:12:     layout_cave_pools, drop_trap, serial_park_tiny_1
D:13:     layout_gridville, grunt_vaults_entry_fortified, uniq_sonja
D:14:     layout_basic, chequers_serial_rivers_small_b
D:15:     grunt_enter_depths_snipers, layout_irregular_city,
          corexii_corridor_pit
Orc:1:    layout_diamond_mine, uniq_maurice, uniq_harold
Orc:2:    st_orc_elflike, layout_caves, enter_volcano_3, mines1_david
Depths:1: layout_gridlike, minmay_misc_feat_roman, hellmouth_1,
          xom_confusion_cloud, minmay_shop_grove

Skill      XL: |  1  2  3  4  5  6  7  8  9 10 11 12 13 14 |
---------------+-------------------------------------------+-----
Armour         | 2 3 4 5 6 7 8 9 10 | 10.6
Axes           | 3 4 5 6 7 8 10 11 13 14 | 14.8
Fighting       | 5 7 8 9 11 12 14 15 16 | 16.1
Dodging        | |  1.7

Action                   |  1- 3 |  4- 6 |  7- 9 | 10-12 | 13-15 || total
-------------------------+-------+-------+-------+-------+-------++-------
Melee: Hand axe          |   115 |   118 |   228 |       |       ||   461
       Kick              |    20 |    30 |    62 |   100 |    63 ||   275
       Unarmed           |       |    19 |       |       |       ||    19
       Punch             |       |     1 |     1 |       |       ||     2
       Battleaxe         |       |       |    34 |   252 |       ||   286
       Executioner's axe |       |       |       |    94 |   217 ||   311
Throw: Dart              |       |     1 |       |    19 |       ||    20
       Boomerang         |       |       |    20 |    27 |       ||    47
Invok: Berserk           |       |     2 |     5 |     6 |     8 ||    21
       Trog's Hand       |       |     2 |     3 |     9 |     6 ||    20
       Brothers in Arms  |       |       |       |     2 |       ||     2
  Use: Scroll            |       |       |    17 |     5 |     2 ||    24
       Potion            |       |       |     1 |     5 |     2 ||     8
 Stab: Sleeping          |     1 |       |       |       |       ||     1
       Distracted        |       |       |       |     1 |     1 ||     2
Armor: Animal skin       |     9 |       |       |       |       ||     9
       Chain mail        |    31 |    54 |   223 |   341 |   187 ||   836
       Ring mail         |       |       |     7 |       |       ||     7
       Skin              |       |       |     6 |       |       ||     6
Dodge: Dodged            |    59 |    57 |    98 |   206 |   111 ||   531

Table legend: (Time is in decaauts)
 A = Elapsed time spent in this place.
 B = Non-inter-level travel time spent in this place.
 C = Inter-level travel time spent in this place.
 D = Time resting spent in this place.
 E = Time spent auto-exploring this place.
 F = Levels seen in this place.
 G = Mean time per level.
                   A        B        C        D        E       F      G
               +--------+--------+--------+--------+--------+-----+--------+
         Total |  15522 |  15151 |    371 |   2036 |   9396 |  18 |  862.3 |
       Dungeon |  14855 |  14484 |    371 |   1925 |   9106 |  15 |  990.3 |
  Orcish Mines |    654 |    654 |      0 |    111 |    290 |   2 |  327.0 |
        Depths |     12 |     12 |      0 |      0 |      0 |   1 |   12.0 |
               +--------+--------+--------+--------+--------+-----+--------+

Top non-repeatable levels by time:
    D:14: 1716 daAuts
    D:13: 1558 daAuts
     D:9: 1199 daAuts
     D:8: 1118 daAuts
     D:7: 1058 daAuts
     D:5: 991 daAuts
    D:15: 961 daAuts
     D:3: 942 daAuts
    D:10: 924 daAuts
     D:4: 828 daAuts
    D:12: 817 daAuts
    D:11: 799 daAuts
     D:1: 712 daAuts
     D:6: 646 daAuts
     D:2: 580 daAuts
